 Dungeon Crawl Stone Soup version 0.32-a0-518-gf581d88 (webtiles) character file.

Game seed: 15093108092914130404

588328 Lookonthedarkside the Conqueror (level 26, -121/239 HPs)
             Began as a Minotaur Berserker on Feb 27, 2024.
             Was the Champion of the Shining One.
             Killed from afar by a yellow draconian annihilator (163 damage)
             ... with an acid spray
             ... led by a purple draconian shifter
             ... on level 3 of the Realm of Zot.
             The game lasted 01:58:59 (60424 turns).

Lookonthedarkside the Conqueror (MiBe)             Turns: 60424, Time: 01:59:00

Health: -121/239   AC: 43    Str: 34    XL:     26   Next: 14%
Magic:  29/29      EV: 15    Int: 11    God:    the Shining One [******]
Gold:   3949       SH: 38    Dex: 12    Spells: 25/25 levels left

rFire   + + .        a - +9 broad axe (holy)
rCold   + + .        Y - +2 tower shield {rC+}
rNeg    + + +        J - +8 orange crystal plate armour {Archmagi, Int+3 Clar}
rPois   +            I - +0 hat of Dipsain {Regen+ rCorr Str+2}
rElec   +            U - +0 cloak "Xoedwien" {rPois rC+}
rCorr   +            M - +2 pair of gloves of Fogeth {+Inv rF++}
SInv    .            E - +5 pair of boots of the Insatiable Portals {rN+ Will+ Stlth+}
Will    +++..        Z - amulet of regeneration Stlth
                     D - ring of Ser Tip {rElec rN+ EV+5 Int+4 Stlth-}
HPRegen 2.19/turn    s - ring "Orpher" {Will+ rCorr Str+2}
MPRegen 0.21/turn

%: clarity, archmagi
@: divinely shielded, corroded, attractive, glowing
A: horns 2, retaliatory headbutt, deformed body, deterioration 1, frail 1, low
MP 1, weak 1, inability to drink after injury 1, inability to read after injury
1
}: 3/15 runes: decaying, serpentine, silver
a: Renounce Religion, Evoke Invisibility, Divine Shield, Cleansing Flame, Summon
Divine Warrior


You were on level 3 of the Realm of Zot.
You worshipped the Shining One.
The Shining One was exalted by your worship.
You visited 10 branches of the dungeon, and saw 48 of its levels.
You visited 1 bazaar.
You also visited: Sewer, Gauntlet, Ice Cave and Wizlab.

You collected 9899 gold pieces.
You spent 5950 gold pieces at shops.

Inventory:

Hand Weapons
 a - a +9 broad axe of holy wrath (weapon)
 b - a +9 heavy broad axe
Missiles
 r - 3 javelins (quivered)
 F - 6 curare-tipped darts
 L - 3 throwing nets
 P - 15 silver javelins
Armour
 E - the +5 pair of boots of the Insatiable Portals (worn) {rN+ Will+ Stlth+}
   (You acquired it on level 3 of the Swamp)

   rN+:       It protects you from negative energy.
   Will+:     It increases your willpower.
   Stlth+:    It makes you more stealthy.
 I - the +0 hat of Dipsain (worn) {Regen+ rCorr Str+2}
   (You found it on level 2 of the Elven Halls)

   Str+2:     It affects your strength (+2).
   Regen+:    It increases your rate of health regeneration.
   rCorr:     It protects you from acid and corrosion.
 J - the +8 orange crystal plate armour (worn) {Archmagi, Int+3 Clar}
   (You acquired it on level 4 of the Snake Pit)

   Int+3:     It affects your intelligence (+3).
   Clar:      It protects you from confusion, rage, mesmerisation and fear.
 M - the +2 pair of gloves of Fogeth (worn) {+Inv rF++}
   (You acquired it on level 3 of the Crypt)

   rF++:      It greatly protects you from fire.
   +Inv:      It lets you turn invisible.
 U - the +0 cloak "Xoedwien" (worn) {rPois rC+}
   (You found it on level 4 of the Depths)

   rC+:       It protects you from cold.
   rPois:     It protects you from poison
 V - +0 gold dragon scales
 Y - a +2 tower shield of cold resistance (worn)
Jewellery
 o - the ring "Bibricih" {Fly Int+2 Slay+2}
   (You took it off a deep elf annihilator on level 3 of the Elven Halls)

   [ring of flight]

   Int+2:     It affects your intelligence (+2).
   Slay+2:    It affects your accuracy & damage with ranged weapons and melee
   (+2).
   Fly:       It grants you flight.
 s - the ring "Orpher" (right hand) {Will+ rCorr Str+2}
   (You bought it in a shop on level 2 of the Orcish Mines)

   [ring of willpower]

   Str+2:     It affects your strength (+2).
   Will+:     It increases your willpower.
   rCorr:     It protects you from acid and corrosion.
 D - the ring of Ser Tip (left hand) {rElec rN+ EV+5 Int+4 Stlth-}
   (You found it on level 3 of the Crypt)

   [ring of evasion]

   EV+5:      It affects your evasion (+5).
   Int+4:     It affects your intelligence (+4).
   rElec:     It insulates you from electricity.
   rN+:       It protects you from negative energy.
   Stlth-:    It makes you less stealthy.
 S - the ring "Seoh" {^Contam rF+ Will++ Int+4}
   (You found it on level 5 of the Vaults)

   [ring of protection from fire]

   Int+4:     It affects your intelligence (+4).
   rF+:       It protects you from fire.
   Will++:    It greatly increases your willpower.
   ^Contam:   It causes magical contamination when unequipped.
 Z - an amulet of regeneration (around neck)
Wands
 i - a wand of warping (7)
 n - a wand of quicksilver (41)
Scrolls
 c - a scroll of acquirement
 f - 14 scrolls of fog
 j - 2 scrolls of vulnerability
 k - 5 scrolls of blinking
 m - 7 scrolls of immolation
 q - 9 scrolls of butterflies
 v - 5 scrolls of enchant weapon
 x - 11 scrolls of teleportation
 y - 14 scrolls of revelation
 B - 7 scrolls of silence
 O - 4 scrolls of poison
 Q - 4 scrolls of amnesia
 T - 6 scrolls of enchant armour
 W - 14 scrolls of fear
Potions
 d - a potion of experience
 e - 13 potions of enlightenment
 g - 12 potions of ambrosia
 h - 5 potions of magic
 l - 20 potions of curing
 t - 18 potions of heal wounds
 u - 6 potions of cancellation
 w - 13 potions of attraction
 z - 7 potions of haste
 A - 9 potions of lignification
 C - 2 potions of resistance
 G - 3 potions of berserk rage
 H - 8 potions of might
 K - 19 potions of mutation
 X - 3 potions of brilliance
Miscellaneous
 N - a phial of floods


   Skills:
 O Level 27 Fighting
 O Level 27 Axes
 O Level 27 Armour
 + Level 4.4 Dodging
 O Level 27 Shields
 * Level 14.8 Invocations


You had 25 spell levels left.
You didn't know any spells.
Your spell library contained the following spells:

 Spells                   Type           Power      Damage    Failure   Level
 Foxfire                  Conj/Fire      0%         2x1d4     83%         1
 Freeze                   Ice            0%         1d3       83%         1
 Ensorcelled Hibernation  Hex/Ice        0%         N/A       93%         2
 Jinxbite                 Hex            0%         N/A       93%         2
 Static Discharge         Conj/Air       0%         3-3/arc   93%         2
 Dazzling Flash           Conj/Hex       0%         N/A       99%         3
 Gell's Gravitas          Tloc           0%         N/A       99%         3
 Passwall                 Erth           0%         N/A       99%         3
 Swiftness                Air            0%         N/A       99%         3
 Teleport Other           Tloc           0%         N/A       99%         3
 Volatile Blastmotes      Fire/Tloc      0%         2d10      99%         3
 Anguish                  Hex/Necr       0%         N/A       100%        4
 Fulminant Prism          Conj/Alch      0%         3d5       100%        4
 Ignite Poison            Fire/Alch      0%         N/A       100%        4
 Iskenderun's Mystic Bla  Conj/Tloc      0%         2d3       100%        4
 Alistair's Intoxication  Alch           0%         N/A       100%        5
 Borgnjor's Vile Clutch   Necr/Erth      0%         N/A       100%        5
 Silence                  Hex/Air        0%         N/A       100%        5
 Dispersal                Tloc           0%         N/A       100%        6
 Eringya's Noxious Bog    Alch           0%         4d6       100%        6
 Plasma Beam              Fire/Air       0%         2x1d10    100%        6
 Sculpt Simulacrum        Ice/Alch       0%         N/A       100%        6
 Starburst                Conj/Fire      0%         6d3       100%        6


Dungeon Overview and Level Annotations

Branches:
Dungeon (15/15) Zot: 21611  Temple (0/1) D:4            Lair (5/5) D:10 Zot: 24593
  Swamp (4/4) Lair:2 Zot: 19692   Snake (4/4) Lair:2 Zot: 17817   Slime (0/5) Lair:5
    Orc (2/2) D:12 Zot: 9525     Elf (3/3) Orc:2 Zot: 13214  Vaults (5/5) D:13 Zot: 22822
  Crypt (3/3) Vaults:2 Zot: 15134    Tomb (0/3) Crypt:3      Depths (4/4) D:15 Zot: 19443
    Zot (3/5) Depths:4 Zot: 15770   Sewer (visited)           IceCv (visited)
 WizLab (visited)         Gauntlet (visited)

Altars:
Cheibriados
Gozag
Kikubaaqudgha
Makhleb
Nemelex Xobeh
Okawaru
Qazlal
Trog
Wu Jian
Xom
Yredelemnul
The Shining One
Beogh

Shops:
D:8 (   D:9 *   D:11 !   D:15 *   Orc:1 :   Orc:2 *[[   Elf:1 [   Elf:2 :=:
Elf:3 (   Snake:3 [!   Vaults:4 =:   Depths:3 *

Portals:
Hell: Depths:1 Depths:2 Depths:3 Depths:4
Abyss: D:15 Depths:2 Depths:3 Depths:4
Pandemonium: Depths:2
Ziggurat: Depths:2

Annotations:
Zot:3 2 runed translucent doors


Innate Abilities, Weirdness & Mutations

You have a pair of horns on your head.
You reflexively headbutt those who attack you in melee.
Armour fits poorly on your strangely shaped body.
Your body sometimes deteriorates upon taking damage.
You are frail. (-10% HP)
Your magical capacity is low. (-10% MP)
You are weak. (Str -2)
You occasionally lose the ability to drink potions when taking damage.
You occasionally lose the ability to read scrolls when taking damage.


Message History

You hit the black draconian knight but do no damage.
You headbutt the black draconian knight.
The black draconian knight is severely wounded.
You block the black draconian knight's attack.
You slice the black draconian knight!!
Your headbutt misses the black draconian knight.
The black draconian knight is almost dead.
You block the black draconian knight's attack.
You gain 2 HP, and have [149/239] HP You slash the black draconian knight!
You kill the black draconian knight!
The yellow draconian annihilator throws acid at you.
The acid spray hits you!!!!! You resist.
Ouch! That really hurt!
* * * LOW HITPOINT WARNING * * *
The acid corrodes you!
You take 147 HP, and have [2/239] HP !!!!!
HP Warning !!!!!
You block the yellow draconian annihilator's attack.
Items here: )) [[ †.
You gain 2 hp, and have [4/239] hp.
You hit the yellow draconian annihilator but do no damage.
You block the yellow draconian annihilator's attack.
You gain 2 hp, and have [6/239] hp.
You feel much better.
You block the yellow draconian annihilator's attack.
You gain 31 hp, and have [37/239] hp.
MP Full (29)
The yellow draconian annihilator casts a spell at you.
You block the poison arrow.
You gain 2 hp, and have [39/239] hp.
Throw: 3 javelins
Press: ? - help, Q - select action, (/) - cycle Shift-Dir - straight line, f - yellow draconian annihilator
Aim: a yellow draconian annihilator, wielding a +0 whip and wearing a +1 cloak (haloed, 83% to hit)
Okay, then.
You feel attractive to monsters.
The yellow draconian annihilator throws acid at you.
The acid spray hits you!!!!! You resist.
Ouch! That really hurt!
You die...

# # ..# #.# #.≈ #..# #.###.#. #..
#.#...d# #.. #.....# #.####.....#
#........# ########d....##### #
##### #@§qd§..q......... # #...#
##########...###.. # #.<.#
######...
#########...##################...
............)....................
.................................
..<..............................
#################...#############
...................⌠.............


You could see a black draconian and a yellow draconian annihilator (catching
breath).

Vanquished Creatures
  2 dread liches (Vaults:5)
  Frederick (Vaults:2)
  2 ancient liches
  A juggernaut (Depths:4)
  Sojobo (Depths:1)
  Josephina (Depths:2)
  Vv (Crypt:3)
  Saint Roka (Depths:2)
  Vashnia (Snake:2)
  2 curse toes
  3 Killer Klowns (Zot:3)
  Nikola (Swamp:1)
  Norris (Vaults:2)
  4 golden dragons
  A bone dragon (Crypt:3)
  The ghost of Sazoocig the Skinwalker, a veteran SpHu of Okawaru (Depths:4)
  17 tentacled monstrosities
  Jorgrun (Snake:1)
  10 quicksilver dragons
  A deep elf blademaster (Elf:3)
  8 sphinxes
  2 deep elf master archers (Elf:3)
  2 liches
  7 titans
  7 ancient champions (Crypt:3)
  2 death cobs
  3 shadow dragons
  4 thorn hunters (Swamp:3)
  10 tengu reavers
  Roxanne (Snake:1)
  The ghost of Igrim the Warrior, an adept CoGl of Okawaru (D:15)
  Donald (Vaults:2)
  7 storm dragons
  A fenstrider witch (Swamp:3)
  6 revenants
  4 nagarajas
  A draconian monk (Zot:1)
  12 fire giants
  3 draconian knights
  4 deep elf elementalists (Elf:3)
  Louise (Swamp:4)
  3 iron dragons
  3 ghost moths
  9 frost giants
  26 vault wardens
  2 draconian shifters
  3 draconian scorchers (Zot:1)
  A caustic shrike zombie (WizLab)
  4 deep elf sorcerers
  3 curse skulls
  An orc warlord (Vaults:1)
  A draconian stormcaller (Zot:2)
  2 cacodemons (Depths:4)
  42 stone giants
  8 ghouls
  4 formless jellyfish
  26 very ugly things
  2 draconian annihilators (Depths:4)
  A spriggan defender (Depths:3)
  6 vampire knights
  22 ironbound preservers
  8 ironbound thunderhulks
  9 deep elf death magi
  7 deep elf demonologists
  7 green draconians
  8 bunyips
  7 yellow draconians
  11 black draconians
  8 deep elf annihilators
  10 red draconians
  5 eleionomae
  4 spark wasps (Depths:4)
  2 war gargoyles (Vaults:5)
  5 purple draconians
  7 dire elephants
  2 white draconians
  5 mummy priests
  A minotaur (Gauntlet)
  Snorg (D:11)
  5 eidola
  A crystal guardian (Vaults:4)
  2 shambling mangroves (Swamp:3)
  6 ettins
  2 fire dragons
  4 merfolk impalers (Depths:2)
  A merfolk javelineer (Depths:2)
  3 green deaths
  10 yaktaur captains
  14 jiangshi
  3 deep elf high priests (Elf:3)
  7 rakshasas
  37 vault guards
  2 entropy weavers (shapeshifter)
  A caustic shrike simulacrum (Crypt:3)
  2 hell beasts
  6 great orbs of eyes
  A peacekeeper (Vaults:4)
  3 salamander tyrants (Snake:4)
  A catoblepas (D:14)
  5 ice dragons
  A sphinx zombie (Crypt:3)
  7 alligators
  2 ghost crabs
  9 centaur warriors
  7 anacondas
  7 boulder beetles
  8 ironbound frosthearts
  2 ogre magi
  2 spriggan air magi
  10 hydras
  A two-headed ogre (shapeshifter) (Elf:2)
  18 two-headed ogres
  8 death knights
  7 deep troll shamans
  24 dancing weapons
  14 death yaks
  8 deep troll earth magi
  An occultist (D:15)
  14 naga sharpshooters
  5 spriggan berserkers
  4 vampire magi
  15 tengu warriors
  A death scarab (Gauntlet)
  A hell hog (Depths:1)
  10 shock serpents
  A sphinx skeleton (D:15)
  11 soul eaters
  6 naga warriors
  Urug (D:11)
  Nergalle (Orc:1)
  14 deep elf knights
  A thrashing horror (D:15)
  A spectral storm dragon (Crypt:3)
  2 emperor scorpion zombies (Crypt:2)
  Sonja (D:11)
  7 orc high priests
  A fire crab (Lair:3)
  7 hell knights
  A storm dragon zombie (Crypt:2)
  2 sun demons
  6 salamander mystics
  4 shadow wraiths
  12 iron trolls
  A titan skeleton (Vaults:4)
  3 skysharks
  26 skeletal warriors
  A storm dragon skeleton (D:15)
  6 goliath frogs
  Lodul (D:11)
  7 spriggan druids
  The ghost of Remcycle the Cleaver, a novice FoFi of Cheibriados (D:6)
  A spectral anaconda (Lair:5)
  2 bunyip zombies (Swamp:1)
  3 flayed ghosts
  8 arcanists
  A glowing orange brain (shapeshifter) (D:15)
  6 mana vipers
  A deep troll (shapeshifter) (Vaults:1)
  5 large abominations
  2 glowing orange brains
  9 swamp dragons
  8 thermic dynamos
  3 naga ritualists (Snake:4)
  79 deep trolls
  13 deep elf archers
  3 lindwurms
  27 deep elf zephyrmancers
  9 ironbound convokers
  A harpy (Vaults:4)
  An obsidian statue (Lair:5)
  20 phantasmal warriors
  6 orc knights
  Pikel (D:4)
  16 bog bodies
  A wolf spider (D:14)
  56 ugly things
  13 salamanders
  29 deep elf pyromancers
  12 necromancers
  2 orc sorcerers (Orc:2)
  2 will-o-the-wisps
  A sphinx simulacrum (Depths:2)
  A stone giant zombie (Vaults:4)
  The ghost of Caterwaul the Carver, a novice CoMo of Wu Jian (D:5)
  31 cyclopes
  A frost giant zombie (WizLab)
  An iron dragon skeleton (Crypt:1)
  2 oklob plants (Swamp:3)
  A spectral ice dragon (Crypt:3)
  A faun (shapeshifter) (Depths:4)
  A shadow dragon skeleton (Crypt:3)
  13 moths of wrath
  A manticore (shapeshifter) (D:14)
  A shining eye (shapeshifter) (Vaults:5)
  5 spectral fire dragons (Crypt:3)
  A meliai (shapeshifter) (D:13)
  A centaur zombie (Crypt:3)
  4 manticores
  An apocalypse crab (D:15)
  A stone giant skeleton (Vaults:1)
  3 dire elephant zombies (Lair:5)
  A meliai (D:14)
  26 black mambas
  A demonspawn zombie (WizLab)
  12 elephants
  17 vault sentinels
  A guardian serpent (Snake:3)
  16 naga magi
  A kobold blastminer (Orc:2)
  Joseph (D:7)
  An ice statue (IceCv)
  5 spriggan zombies
  2 gargoyles
  An elephant slug zombie (Crypt:3)
  2 cane toads (shapeshifter)
  12 cane toads
  A kobold demonologist (D:13)
  A hellion (Depths:2)
  A naga skeleton (Crypt:3)
  3 yaktaur zombies
  A minotaur skeleton (Crypt:1)
  8 rime drakes
  2 rime drakes (shapeshifter)
  2 orange demons (Swamp:4)
  A redback zombie (Crypt:2)
  10 freezing wraiths
  7 unseen horrors
  7 komodo dragons
  2 minotaur zombies (Gauntlet)
  37 yaktaurs
  An unseen horror skeleton (Crypt:1)
  7 tengu conjurers
  2 efreet
  A red draconian skeleton (Crypt:3)
  A great orb of eyes zombie (Crypt:1)
  9 guardian mummies
  A merfolk (Bazaar)
  A polar bear (shapeshifter) (Depths:4)
  2 golden dragon simulacra (Depths:2)
  An iron troll skeleton (Crypt:1)
  9 hornets
  3 hydra zombies (Swamp:1)
  16 polar bears
  14 trolls
  2 trolls (shapeshifter)
  A wind drake (shapeshifter) (Vaults:5)
  The ghost of korenl137 the Ducker, an amateur MfGl (D:3)
  10 tyrant leeches
  13 blink frogs
  A glass eye (shapeshifter) (Depths:4)
  A glass eye (Depths:1)
  A spectral lindwurm (Gauntlet)
  32 slime creatures
  A spectral elephant (Lair:5)
  12 dream sheep (Lair:4)
  2 frost giant simulacra (Depths:2)
  21 shadows
  Sigmund (D:2)
  A centaur simulacrum (Gauntlet)
  2 human simulacra
  A spriggan (shapeshifter) (Depths:4)
  An ushabti (Crypt:3)
  A yak (shapeshifter) (Depths:4)
  10 spriggans
  An air elemental (Elf:1)
  9 wraiths
  6 wyverns
  4 water elementals
  3 vampires
  3 wargs
  70 yaks
  A hog (shapeshifter) (Depths:4)
  5 fire bats (Lair:4)
  A basilisk (shapeshifter) (Elf:2)
  A human (D:7)
  25 vampire mosquitoes
  6 basilisks
  A slime creature zombie (Crypt:3)
  2 steam dragons
  Menkaure (D:5)
  Grum (D:11)
  2 glowing shapeshifter zombies (WizLab)
  3 chaos spawn (Depths:4)
  26 nagas
  7 small abominations
  15 swamp worms
  An acid dragon (D:9)
  A two-headed ogre zombie (Crypt:3)
  20 water moccasins
  A cane toad zombie (Crypt:2)
  13 black bears
  2 swamp drakes
  A meliai simulacrum (Gauntlet)
  A dream sheep zombie (Crypt:1)
  22 orc warriors
  An ice beast (D:8)
  29 laughing skulls
  33 ogres
  A boggart (D:14)
  11 wolves
  5 elephant zombies (Lair:5)
  A blink frog skeleton (Crypt:3)
  6 centaurs
  An elephant skeleton (Lair:5)
  3 lemures (D:4)
  A phantom (D:4)
  A vine stalker zombie (Crypt:2)
  A kobold brigand (D:11)
  3 earth elementals
  A brain worm (Sewer)
  9 bullfrogs
  3 gnoll sergeants
  A cane toad simulacrum (Gauntlet)
  A draconian skeleton (Crypt:1)
  A scorpion (D:6)
  7 wights
  A warg zombie (Crypt:1)
  2 tengu zombies
  17 killer bees
  An elephant simulacrum (Lair:5)
  A troll skeleton (Crypt:3)
  An electric eel (Lair:2)
  2 howler monkeys (D:9)
  A black bear zombie (Crypt:1)
  5 hounds
  2 bombardier beetles
  33 orc priests
  Crazy Yiuf (D:2)
  8 jellies
  A gnoll bouda (D:7)
  2 sleepcaps
  5 iguanas
  28 orc wizards
  7 hell rats (Lair:3)
  3 river rats
  17 adders
  22 gnolls
  A shadow imp (D:5)
  A white imp (D:5)
  4 dart slugs
  2 ribbon worms
  85 orcs
  28 ball pythons
  10 bats
  A bat skeleton (Crypt:2)
  3 endoplasms
  5 giant cockroaches
  A goblin (D:4)
  3 hobgoblins
  5 jackals
  11 kobolds
  4 quokkas
  4 frilled lizards
  4 rats
  A river rat skeleton (Crypt:2)
  3 spectral weapons
2331 creatures vanquished.

Vanquished Creatures (collateral kills)
  Aizul (Snake:1)
  The ghost of Dicinne the Unseen, a journeyman VSEE of Uskayaw (D:14)
  2 spriggan zombies (WizLab)
  A vault guard (D:13)
  A naga sharpshooter (Snake:4)
  A skeletal warrior (D:13)
  A golden dragon zombie (WizLab)
  A black mamba (Snake:1)
  A wolf (IceCv)
10 creatures vanquished.

Vanquished Creatures (others)
  An eleionoma (Swamp:2)
  A flayed ghost (D:15)
  A spriggan druid (Swamp:3)
  3 deep elf zephyrmancers
  An ugly thing (Swamp:4)
  4 bloated husks
  A slime creature (Vaults:1)
  A water elemental (Elf:1)
  A swamp drake (Swamp:2)
  A black bear (Depths:3)
  An orc priest (Orc:2)
  2 foxfires (Swamp:3)
18 creatures vanquished.

Grand Total: 2359 creatures vanquished

Notes
Turn   | Place    | Note
-------+----------+-------------------------------------------
     0 | D:1      | Lookonthedarkside the Minotaur Berserker began the quest
                  | for the Orb.
     0 | D:1      | Reached XP level 1. HP: 19/19 MP: 0/0
   252 | D:1      | Reached XP level 2. HP: 27/27 MP: 1/1
   668 | D:2      | Reached XP level 3. HP: 33/33 MP: 2/2
   755 | D:2      | Reached ** piety under Trog
   759 | D:2      | Reached XP level 4. HP: 27/41 MP: 3/3
   833 | D:2      | Noticed Sigmund
   843 | D:2      | Killed Sigmund
   844 | D:2      | Reached skill level 5 in Fighting
   844 | D:2      | Reached skill level 5 in Axes
   844 | D:2      | Reached XP level 5. HP: 50/50 MP: 4/4
  1192 | D:2      | Found a faded altar of an unknown god.
  1258 | D:2      | Identified the +0 robe "Gahofot" {Str+2 Slay+5}
  1358 | D:2      | Found a runed translucent door.
  1359 | D:2      | Noticed Crazy Yiuf
  1365 | D:2      | Killed Crazy Yiuf
  1366 | D:2      | Reached XP level 6. HP: 57/57 MP: 5/5
  2024 | D:3      | Found a runed translucent gate.
  2024 | D:3      | Noticed korenl137's ghost (amateur MfGl)
  2025 | D:3      | Found a runed translucent gate.
  2025 | D:3      | Found a runed translucent gate.
  2111 | D:3      | Found a roughly hewn altar of Beogh.
  2186 | D:4      | Found a staircase to the Ecumenical Temple.
  2301 | D:4      | Reached *** piety under Trog
  2448 | D:4      | Noticed Pikel
  2456 | D:4      | Killed Pikel
  2457 | D:4      | Reached skill level 5 in Armour
  2457 | D:4      | Reached XP level 7. HP: 62/67 MP: 6/6
  2816 | D:5      | Entered Level 5 of the Dungeon
  2874 | D:5      | Reached XP level 8. HP: 61/74 MP: 7/7
  3020 | D:5      | Identified the +4 ring mail of Gemiovam {Str+5}
  3054 | D:5      | Noticed Menkaure
  3062 | D:5      | Killed Menkaure
  3299 | D:5      | Found a runed translucent door.
  3343 | D:5      | Reached **** piety under Trog
  3419 | D:5      | Noticed Caterwaul's ghost (novice CoMo)
  3489 | D:6      | Reached XP level 9. HP: 85/85 MP: 8/8
  3525 | D:6      | Noticed Remcycle's ghost (novice FoFi)
  3557 | D:6      | Found a transporter.
  3559 | D:6      | Found a transporter.
  3646 | D:6      | Found a glowing drain.
  3656 | Sewer    | Entered a sewer
  4333 | D:6      | Found a snail-covered altar of Cheibriados.
  4333 | D:6      | Found an ancient bone altar of Kikubaaqudgha.
  4404 | D:7      | Reached skill level 10 in Axes
  4409 | D:7      | Reached skill level 10 in Fighting
  4575 | D:7      | Found a runed translucent door.
  4581 | D:7      | Found a basalt altar of Yredelemnul.
  4642 | D:7      | Reached ***** piety under Trog
  4718 | D:7      | Noticed Joseph
  4730 | D:7      | Killed Joseph
  5072 | D:8      | Found Toesy's Antique Weapon Shop.
  5242 | D:8      | Found a shimmering altar of Xom.
  5250 | D:8      | Found a shimmering altar of Xom.
  5250 | D:8      | Found a shimmering altar of Xom.
  5250 | D:8      | Found a shimmering altar of Xom.
  5250 | D:8      | Found a shimmering altar of Xom.
  5250 | D:8      | Found a shimmering altar of Xom.
  5250 | D:8      | Found a shimmering altar of Xom.
  5251 | D:8      | Found a shimmering altar of Xom.
  5476 | D:8      | Found a sparkling altar of Nemelex Xobeh.
  5529 | D:8      | Found a transporter.
  5530 | D:8      | Found a transporter.
  5530 | D:8      | Noticed a boulder beetle
  5677 | D:8      | Killed a boulder beetle
  5678 | D:8      | Reached XP level 10. HP: 84/97 MP: 9/9
  6047 | D:9      | Reached skill level 1 in Shields
  6210 | D:9      | Found Sipod's Gadget Gallery.
  6314 | D:9      | Found a glowing golden altar of the Shining One.
  6444 | D:9      | Noticed a two-headed ogre
  6454 | D:9      | Killed a two-headed ogre
  6650 | D:10     | Entered Level 10 of the Dungeon
  6650 | D:10     | Found a staircase to the Lair.
  6861 | D:10     | Reached XP level 11. HP: 107/107 MP: 10/10
  6867 | D:10     | Received a gift from Trog
  7258 | D:10     | Noticed a two-headed ogre
  7265 | D:10     | Killed a two-headed ogre
  7350 | D:10     | Found an ornate altar of the Wu Jian Council.
  7658 | D:10     | Found an iron altar of Okawaru.
  7658 | D:10     | Found a bloodstained altar of Trog.
  7892 | D:11     | Noticed Snorg
  7907 | D:11     | Killed Snorg
  8089 | D:11     | Noticed a two-headed ogre
  8091 | D:11     | Noticed Sonja
  8099 | D:11     | Killed a two-headed ogre
  8113 | D:11     | Killed Sonja
  8225 | D:11     | Reached skill level 10 in Armour
  8225 | D:11     | Reached skill level 5 in Shields
  8349 | D:11     | Noticed Lodul
  8646 | D:11     | Killed Lodul
  8778 | D:11     | Noticed Urug
  8790 | D:11     | Killed Urug
  8808 | D:11     | Noticed a two-headed ogre
  8814 | D:11     | Killed a two-headed ogre
  8815 | D:11     | Reached XP level 12. HP: 102/118 MP: 11/11
  9062 | D:11     | Found Uweoch's Distillery.
  9115 | D:11     | Bought a potion of heal wounds for 50 gold pieces
  9115 | D:11     | Bought a potion of enlightenment for 50 gold pieces
  9115 | D:11     | Bought a potion of lignification for 30 gold pieces
  9115 | D:11     | Bought a potion of attraction for 30 gold pieces
  9115 | D:11     | Bought a potion of curing for 30 gold pieces
  9115 | D:11     | Bought a potion of heal wounds for 50 gold pieces
  9115 | D:11     | Bought a potion of might for 40 gold pieces
  9115 | D:11     | Bought a potion of brilliance for 40 gold pieces
  9195 | D:11     | Noticed Grum
  9205 | D:11     | Reached skill level 15 in Axes
  9219 | D:11     | Killed Grum
  9219 | D:11     | Received a gift from Trog
  9311 | D:12     | Reached skill level 15 in Fighting
  9372 | D:12     | Noticed a two-headed ogre
  9378 | D:12     | Killed a two-headed ogre
  9813 | D:12     | Noticed a boulder beetle
  9822 | D:12     | Killed a boulder beetle
 10100 | D:12     | Found a staircase to the Orcish Mines.
 10508 | D:13     | Found a gate to the Vaults.
 10508 | D:13     | Noticed a vault guard
 10508 | D:13     | Noticed a vault guard
 10508 | D:13     | Noticed a vault guard
 10508 | D:13     | Noticed a vault guard
 10517 | D:13     | Killed a vault guard
 10526 | D:13     | Killed a vault guard
 10533 | D:13     | Killed a vault guard
 10551 | D:12     | Killed a vault guard
 10646 | D:13     | Reached XP level 13. HP: 75/129 MP: 12/12
 10670 | D:13     | Identified the +4 war axe of Trog's Castigation {flame,
                  | Str+4}
 10698 | D:13     | Found a frozen archway.
 10713 | IceCv    | Entered an ice cave
 11674 | IceCv    | Noticed a frost giant
 11686 | IceCv    | Killed a frost giant
 11841 | IceCv    | Got Fyorph's Almanac of Congelation
 12027 | D:13     | Found an opulent altar of Gozag.
 13390 | D:13     | You fall into a shaft and drop 1 floor!
 13446 | D:14     | Reached XP level 14. HP: 102/141 MP: 13/13
 13456 | D:15     | Entered Level 15 of the Dungeon
 14410 | D:14     | Found a runed translucent gate.
 14411 | D:14     | Found a runed translucent gate.
 14411 | D:14     | Found a runed translucent gate.
 14413 | D:14     | Noticed Dicinne's ghost (journeyman VSEE)
 14783 | D:15     | Reached skill level 10 in Shields
 14941 | D:15     | Found a staircase to the Depths.
 15101 | D:15     | Found a transporter.
 15379 | D:15     | Found Tuezippesch's General Store.
 15385 | D:15     | Found a transporter.
 15385 | D:15     | Identified the +7 halberd "Ahesoum" {drain, Will+ MP+9
                  | Int+3}
 15394 | D:15     | Bought a potion of ambrosia for 128 gold pieces
 15394 | D:15     | Bought a potion of attraction for 48 gold pieces
 15478 | D:15     | Identified the ring "Umefaamm" {+Blink rF+ Int+2 Slay-6
                  | SInv}
 15666 | D:15     | Noticed a purple very ugly thing
 15853 | D:15     | Noticed Igrim's ghost (adept CoGl)
 16027 | D:15     | Noticed a tengu reaver
 16047 | D:15     | Killed a tengu reaver
 16190 | D:15     | Found the sphere of Battle
 16443 | Orc:1    | Entered Level 1 of the Orcish Mines
 16444 | Orc:1    | Found Geki's Book Boutique.
 16501 | Orc:1    | Noticed Nergalle
 16618 | Orc:1    | Killed Nergalle
 16676 | Orc:2    | Entered Level 2 of the Orcish Mines
 17952 | Orc:2    | Found Zeac's Armour Emporium.
 17957 | Orc:2    | Found a staircase to the Elven Halls.
 18059 | Orc:2    | Found Ziddy's Magic Scroll Emporium.
 18060 | Orc:2    | Found Kociduuw's Jewellery Shoppe.
 18061 | Orc:2    | Found Cuheurru's Antique Armour Shoppe.
 18065 | Orc:2    | Found Zudaj's Assorted Antiques.
 18068 | Orc:2    | Bought a scroll of enchant armour for 90 gold pieces
 18068 | Orc:2    | Bought a scroll of blinking for 90 gold pieces
 18068 | Orc:2    | Bought a scroll of noise for 12 gold pieces
 18068 | Orc:2    | Bought a scroll of identify for 24 gold pieces
 18068 | Orc:2    | Bought a scroll of fear for 48 gold pieces
 18068 | Orc:2    | Bought a scroll of teleportation for 36 gold pieces
 18068 | Orc:2    | Bought 2 scrolls of identify for 48 gold pieces
 18068 | Orc:2    | Bought a scroll of noise for 12 gold pieces
 18073 | Orc:2    | Bought a scroll of fear for 128 gold pieces
 18073 | Orc:2    | Bought a scorched iron ring for 160 gold pieces
 18073 | Orc:2    | Identified the ring "Orpher" {Will+ rCorr Str+2} (You
                  | bought it in a shop on level 2 of the Orcish Mines)
 18073 | Orc:2    | Bought a scroll of identify for 64 gold pieces
 18073 | Orc:2    | Bought a potion of heal wounds for 160 gold pieces
 18073 | Orc:2    | Bought a lumpy grey potion for 28 gold pieces
 18244 | Orc:1    | Found a roughly hewn altar of Beogh.
 18991 | Lair:1   | Entered Level 1 of the Lair of Beasts
 19001 | Lair:1   | Reached XP level 15. HP: 152/152 MP: 14/14
 19073 | Lair:1   | Reached XP level 16. HP: 156/161 MP: 15/15
 19306 | Lair:1   | Received a gift from Trog
 19703 | Lair:2   | Found a staircase to the Snake Pit.
 19833 | Lair:2   | Found a gate leading to a gauntlet.
 19843 | Gauntlet | Entered a Gauntlet
 19843 | Gauntlet | Found a transporter.
 19850 | Gauntlet | Found a transporter.
 19852 | Gauntlet | Found a transporter.
 19861 | Gauntlet | Found a transporter.
 19864 | Gauntlet | Found a transporter.
 19872 | Gauntlet | Found a transporter.
 19888 | Gauntlet | Found a transporter.
 19895 | Gauntlet | Found a transporter.
 19908 | Gauntlet | Found a transporter.
 19932 | Gauntlet | Found a transporter.
 19946 | Gauntlet | Found a transporter.
 19946 | Gauntlet | Found a transporter.
 20083 | Gauntlet | Found a transporter.
 20087 | Gauntlet | Got Zoatiwil's Incunable of Inauspicious Forces
 20146 | Gauntlet | Identified the ring of Ascent {Wiz Str+5 Dex-2 SInv}
 20258 | Gauntlet | Found the +18 shield of the Gong {Loud rN+ Will+ rCorr
                  | EV-5}
 20669 | Lair:2   | Found a staircase to the Swamp.
 22646 | Lair:4   | Received a gift from Trog
 23098 | Lair:5   | Entered Level 5 of the Lair of Beasts
 23696 | Lair:5   | Found a staircase to the Slime Pits.
 24143 | Lair:5   | Received a gift from Trog
 24535 | Lair:5   | Reached skill level 15 in Armour
 24535 | Lair:5   | Reached XP level 17. HP: 167/173 MP: 16/16
 24862 | Snake:1  | Entered Level 1 of the Snake Pit
 25101 | D:6      | Killed Remcycle's ghost
 25216 | D:3      | Killed korenl137's ghost
 25332 | D:5      | Killed Caterwaul's ghost
 25589 | D:14     | Killed Dicinne's ghost
 25684 | D:15     | Found a one-way gate to the infinite horrors of the Abyss.
 26023 | D:15     | Killed Igrim's ghost
 26685 | Snake:1  | Noticed Roxanne
 26817 | Snake:1  | Noticed Jorgrun
 26838 | Snake:1  | Killed Jorgrun
 26934 | Snake:1  | Identified the serpent talisman "Jyehewk" {rElec rF+ Int-4}
 26934 | Snake:1  | Noticed Aizul
 26947 | Snake:1  | Killed Aizul
 27371 | Snake:1  | Killed Roxanne
 28285 | Snake:2  | Noticed Vashnia
 28295 | Snake:2  | Received a gift from Trog
 28344 | Snake:2  | Killed Vashnia
 29503 | Snake:3  | Found Xakkouly's Armour Shop.
 29583 | Snake:3  | Found Qaxat's Distillery.
 29697 | Snake:3  | Bought a potion of attraction for 57 gold pieces
 29697 | Snake:3  | Bought 2 potions of might for 152 gold pieces
 29697 | Snake:3  | Bought a potion of mutation for 152 gold pieces
 29697 | Snake:3  | Bought a potion of heal wounds for 95 gold pieces
 29697 | Snake:3  | Bought a potion of heal wounds for 95 gold pieces
 29697 | Snake:3  | Bought a potion of brilliance for 76 gold pieces
 29697 | Snake:3  | Bought a potion of berserk rage for 95 gold pieces
 29697 | Snake:3  | Bought a potion of heal wounds for 95 gold pieces
 29697 | Snake:3  | Bought a potion of curing for 57 gold pieces
 30097 | Snake:4  | Entered Level 4 of the Snake Pit
 30176 | Snake:4  | Identified the +2 whip of Action {freeze, ^Contam rElec
                  | rPois Str-2}
 30772 | Snake:4  | Reached XP level 18. HP: 185/185 MP: 17/17
 31343 | Snake:4  | Got a serpentine rune of Zot
 31550 | Snake:4  | Received a gift from Trog
 31611 | Snake:4  | Found a sparkling altar of Nemelex Xobeh.
 32089 | Snake:4  | Found Uffic's Magic Scroll Boutique.
 32096 | Snake:4  | Bought a scroll of silence for 152 gold pieces
 32096 | Snake:4  | Bought a scroll of vulnerability for 64 gold pieces
 32096 | Snake:4  | Bought a scroll of fear for 64 gold pieces
 32096 | Snake:4  | Bought a scroll of vulnerability for 64 gold pieces
 32096 | Snake:4  | Bought a scroll of noise for 16 gold pieces
 32096 | Snake:4  | Bought a scroll of poison for 64 gold pieces
 32096 | Snake:4  | Identified a scroll of acquirement
 32096 | Snake:4  | Bought a scroll of identify for 32 gold pieces
 32096 | Snake:4  | Bought a scroll of identify for 32 gold pieces
 32102 | Snake:4  | Acquired the +8 orange crystal plate armour {Archmagi,
                  | Int+3 Clar}
 32102 | Snake:4  | Found the +8 orange crystal plate armour {Archmagi, Int+3
                  | Clar}
 32539 | Swamp:1  | Entered Level 1 of the Swamp
 33127 | Swamp:1  | Noticed Nikola
 33141 | Swamp:1  | Killed Nikola
 33686 | Swamp:2  | Noticed a tentacled monstrosity
 33694 | Swamp:2  | Killed a tentacled monstrosity
 33697 | Swamp:2  | Received a gift from Trog
 33721 | Swamp:2  | Identified the +2 ring mail of Mial {Rampage rC+ Regen+}
 34477 | Swamp:3  | Acquired the +5 pair of boots of the Insatiable Portals
                  | {rN+ Will+ Stlth+}
 34780 | Swamp:3  | Reached skill level 15 in Shields
 35424 | Swamp:4  | Entered Level 4 of the Swamp
 35437 | Swamp:4  | Noticed Louise
 35451 | Swamp:3  | Reached XP level 19. HP: 129/198 MP: 18/18
 35593 | Swamp:4  | Killed Louise
 36086 | Swamp:4  | Identified the +6 mace of Sulphur {freeze, rElec rN+ MP-9
                  | Int+6}
 36512 | Swamp:4  | Got a decaying rune of Zot
 36905 | Elf:1    | Entered Level 1 of the Elven Halls
 36910 | Elf:1    | Received a gift from Trog
 37094 | Elf:1    | Found Muos's Armour Emporium.
 37333 | Elf:1    | Paralysed by an air elemental for 1 turns
 37337 | Elf:1    | Paralysed by an air elemental for 1 turns
 37471 | Elf:1    | Reached ****** piety under Trog
 38299 | Elf:2    | Received a gift from Trog
 38439 | Elf:2    | Identified the amulet "Xusissea" {RegenMP ^Fragile Will+
                  | rCorr Int+2}
 38828 | Elf:2    | Found a runed translucent gate.
 38829 | Elf:2    | Found a runed translucent gate.
 38830 | Elf:2    | Found a runed translucent gate.
 39111 | Elf:2    | Identified the +0 hat of Dipsain {Regen+ rCorr Str+2}
 39323 | Elf:2    | Found Riuroik's Book Emporium.
 39323 | Elf:2    | Found Viushoomo's Jewellery Shop.
 39324 | Elf:2    | Found Haphuf's Book Emporium.
 39778 | Elf:2    | Received a gift from Trog
 40027 | Elf:3    | Entered Level 3 of the Elven Halls
 40149 | Elf:3    | Found Jeur's Antique Weapon Shop.
 40156 | Elf:3    | Reached XP level 20. HP: 209/209 MP: 19/19
 40226 | Elf:3    | Found a magical portal.
 40242 | WizLab   | Entered Doroklohe's Tomb
 40458 | WizLab   | Noticed an ancient lich
 40500 | WizLab   | Killed an ancient lich
 41570 | Elf:3    | Identified the +2 falchion of the Toadstool {flame, Fly rC+
                  | Dex+4}
 41643 | Elf:3    | Identified the ring "Bibricih" {Fly Int+2 Slay+2}
 41721 | Elf:3    | Received a gift from Trog
 41746 | Elf:3    | Identified the +0 ring mail of the Arena {rC+}
 41806 | Elf:3    | Found the +5 demon whip "Spellbinder" {antimagic, disrupt,
                  | Will+}
 41815 | Elf:3    | Identified the +1 mace "Begauth" {vamp, rPois Str+3}
 41821 | Elf:3    | Identified the +7 rapier of Responsibility {flame, rC+
                  | SInv}
 41828 | Elf:3    | Identified the +1 scimitar "Rebyuxi" {protect, Str+5
                  | Stlth+}
 42102 | Vaults:1 | Entered Level 1 of the Vaults
 42108 | Vaults:1 | Acquired 948 gold pieces
 42368 | Vaults:1 | Found a flickering gateway to a bazaar.
 42380 | Bazaar   | Entered a bazaar
 42387 | Bazaar   | Found Wusabbe's Antique Armour Emporium.
 42394 | Bazaar   | Found Zila's Assorted Antiques.
 42402 | Bazaar   | Found Cellegoj's Antique Armour Shop.
 42406 | Bazaar   | Bought a potion of mutation for 176 gold pieces
 42412 | Bazaar   | Found Ypidioq's Distillery.
 42423 | Bazaar   | Bought a potion of ambrosia for 128 gold pieces
 42423 | Bazaar   | Bought 2 potions of brilliance for 128 gold pieces
 42423 | Bazaar   | Bought a potion of brilliance for 64 gold pieces
 42423 | Bazaar   | Bought a potion of attraction for 48 gold pieces
 42423 | Bazaar   | Bought a potion of lignification for 48 gold pieces
 42423 | Bazaar   | Bought a potion of magic for 128 gold pieces
 42423 | Bazaar   | Bought a potion of attraction for 48 gold pieces
 42423 | Bazaar   | Bought a potion of attraction for 48 gold pieces
 42423 | Bazaar   | Bought a potion of invisibility for 128 gold pieces
 42423 | Bazaar   | Bought a potion of haste for 160 gold pieces
 42423 | Bazaar   | Bought a potion of heal wounds for 80 gold pieces
 42423 | Bazaar   | Found Xusutya's Antique Weapon Boutique.
 42446 | Bazaar   | Bought a bloodstained plate armour for 700 gold pieces
 42446 | Bazaar   | Identified the +8 plate armour "Earthly Heaven" {Str+5}
                  | (You bought it in a shop in a bazaar)
 42867 | Vaults:1 | Reached XP level 21. HP: 221/221 MP: 20/20
 43561 | Vaults:2 | Noticed Donald
 43575 | Vaults:2 | Killed Donald
 43640 | Vaults:2 | Received a gift from Trog
 43642 | Vaults:2 | Identified the orb of the Thinker {*channel, Stlth+}
 43642 | Vaults:2 | Noticed Frederick
 43651 | Vaults:2 | Killed Frederick
 43864 | Vaults:2 | Found a staircase to the Crypt.
 44009 | Vaults:2 | Identified the +3 dagger of Virtue {speed, Will+ Str+2
                  | Dex+3}
 44186 | Vaults:2 | Identified the +0 flail "Zohurax" {flame, rCorr Int+4 Dex+3
                  | SInv}
 44424 | Vaults:2 | Noticed Norris
 44442 | Vaults:2 | Killed Norris
 44802 | Vaults:2 | Received a gift from Trog
 45001 | Vaults:3 | Reached skill level 27 in Fighting
 45305 | Vaults:3 | Identified the +1 ring mail of the Valley {rCorr Stlth+}
 45407 | Vaults:3 | Received a gift from Trog
 46210 | Vaults:4 | Reached XP level 22. HP: 227/233 MP: 21/21
 46260 | Vaults:4 | Found Enof's Jewellery Shop.
 46393 | Vaults:4 | Reached skill level 27 in Axes
 46470 | Vaults:4 | Received a gift from Trog
 46801 | Vaults:4 | Found Vyf Datacot's Book Shoppe.
 47863 | Vaults:5 | Entered Level 5 of the Vaults
 47889 | Vaults:5 | Received a gift from Trog
 47890 | Vaults:5 | Noticed a dread lich
 47896 | Vaults:5 | Noticed a dread lich
 47897 | Vaults:5 | Noticed an ancient lich
 47897 | Vaults:5 | Killed a dread lich
 47901 | Vaults:5 | Killed a dread lich
 47906 | Vaults:5 | Killed an ancient lich
 48040 | Vaults:5 | Received a gift from Trog
 48215 | Vaults:5 | Identified the ring "Seoh" {^Contam rF+ Will++ Int+4}
 48220 | Vaults:5 | Identified the +0 leather armour of Past Mistakes {rCorr
                  | Dex+3}
 48258 | Vaults:5 | Gained mutation: You are frail. (-10% HP) [a shining eye]
 48337 | Vaults:5 | Identified the +4 mace "Oheapemi" {spect, *Noise rPois
                  | Int+6}
 48388 | Vaults:5 | Identified the staff "Nuzajiq" {rElec rPois Str+3 Int-3
                  | Stlth+ Air}
 48444 | Vaults:5 | Reached XP level 23. HP: 216/216 MP: 22/22
 48516 | Vaults:5 | Received a gift from Trog
 48595 | Vaults:5 | Identified the +4 war axe "Teuhor" {flame, +Blink rN+
                  | Int+2}
 48820 | Vaults:5 | Got a silver rune of Zot
 49516 | D:14     | Identified the +4 halberd of Voulib {freeze, rF+ SInv}
 49517 | D:14     | Identified the +3 pair of boots of Mezcal {Harm Will+
                  | Regen+ Dex+4}
 49602 | Depths:1 | Entered Level 1 of the Depths
 49746 | Depths:1 | Received a gift from Trog
 49764 | Depths:1 | Found a stormy altar of Qazlal.
 50046 | D:9      | Fell from the grace of Trog
 50046 | D:9      | Became a worshipper of the Shining One
 50239 | Crypt:1  | Entered Level 1 of the Crypt
 50342 | Crypt:1  | Identified the +2 kite shield of Divine Intervention
                  | {*Corrode rPois rC+ rN+}
 50514 | Crypt:1  | Reached * piety under the Shining One
 50739 | Crypt:1  | Reached skill level 1 in Invocations
 50739 | Crypt:1  | Reached ** piety under the Shining One
 50792 | Crypt:1  | Reached *** piety under the Shining One
 50869 | Crypt:1  | Reached **** piety under the Shining One
 51041 | Crypt:2  | Reached ***** piety under the Shining One
 51365 | Crypt:2  | Reached ****** piety under the Shining One
 51827 | Crypt:3  | Entered Level 3 of the Crypt
 51828 | Crypt:3  | Identified a +9 broad axe of holy wrath (a +9 vampiric
                  | broad axe blessed by the Shining One)
 51828 | Crypt:3  | Received a gift from the Shining One
 51992 | Crypt:3  | Reached XP level 24. HP: 95/224 MP: 25/25
 52137 | Crypt:3  | Reached skill level 5 in Invocations
 52517 | Crypt:3  | Found a basalt altar of Yredelemnul.
 52527 | Crypt:3  | Found an ancient bone altar of Kikubaaqudgha.
 52538 | Crypt:3  | Got Qyesos's Octavo of Fascination and the Blaze
 52542 | Crypt:3  | Identified the staff "Dos Wihutoi" {rN+ Will+ Necro}
 52581 | Crypt:3  | Identified the ring of Ser Tip {rElec rN+ EV+5 Int+4
                  | Stlth-}
 52795 | Crypt:3  | Identified the +8 whip "Opsouton" {protect, Str+2 Int-5
                  | Dex+2 Stlth+}
 52900 | Crypt:3  | Noticed Vv
 52923 | Crypt:3  | Killed Vv
 52953 | Crypt:3  | Found a staircase to the Tomb.
 53098 | Crypt:3  | Acquired the +2 pair of gloves of Fogeth {+Inv rF++}
 53667 | Depths:1 | Noticed Sojobo
 53677 | Depths:1 | Paralysed by an air elemental for 1 turns
 53680 | Depths:1 | Paralysed by an air elemental for 1 turns
 53698 | Depths:1 | Killed Sojobo
 53870 | Depths:1 | Found a gateway to Hell.
 54194 | Depths:1 | Identified the +6 battleaxe of Duty {freeze, rElec Will+}
 54295 | Depths:2 | Found a one-way gateway to a ziggurat.
 54343 | Depths:2 | Noticed Saint Roka
 54364 | Depths:2 | Killed Saint Roka
 54713 | Depths:2 | Identified the ring "Empanoon" {Ice rN+}
 54713 | Depths:2 | Noticed Josephina
 54724 | Depths:2 | Killed Josephina
 54825 | Depths:2 | Found a burning altar of Makhleb.
 54993 | Depths:2 | Found a one-way gate leading to the halls of Pandemonium.
 55300 | Depths:3 | Reached XP level 25. HP: 231/231 MP: 27/27
 55357 | Depths:3 | Found Beckomoy's General Store.
 55362 | Depths:3 | Bought a scroll of acquirement for 884 gold pieces
 55362 | Depths:3 | Bought a scroll of silence for 161 gold pieces
 55362 | Depths:3 | Bought a potion of brilliance for 68 gold pieces
 55362 | Depths:3 | Bought a scroll of revelation for 127 gold pieces
 55362 | Depths:3 | Bought a scroll of immolation for 68 gold pieces
 55473 | Depths:3 | Acquired 964 gold pieces
 56232 | Depths:3 | Identified the staff "Sounnen" {Will+ Int+3 Conj Summ}
 56268 | Depths:4 | Entered Level 4 of the Depths
 56277 | Depths:4 | Reached skill level 27 in Armour
 56428 | Depths:4 | Found a runed translucent gate.
 56428 | Depths:4 | Found a runed translucent gate.
 56430 | Depths:4 | Found a runed translucent gate.
 56476 | Depths:4 | Found a runed translucent gate.
 56476 | Depths:4 | Found a runed translucent gate.
 56482 | Depths:4 | Noticed Sazoocig's ghost (veteran SpHu)
 56491 | Depths:4 | Found a runed translucent gate.
 56594 | Depths:4 | Killed Sazoocig's ghost
 56678 | Depths:4 | Gained mutation: Your body sometimes deteriorates upon
                  | taking damage. [mutagenic glow]
 56682 | Depths:4 | Identified the +0 cloak "Xoedwien" {rPois rC+}
 56694 | Depths:4 | Gained mutation: You are weak. (Str -2) [mutagenic glow]
 56704 | Depths:4 | Gained mutation: You have hidden genetic defects.
                  | [mutagenic glow]
 56718 | Depths:4 | Gained mutation: Your magical capacity is low. (-10% MP)
                  | [mutagenic glow]
 56728 | Depths:4 | Gained mutation: You occasionally lose the ability to read
                  | scrolls when taking damage. [mutagenic glow]
 56960 | Depths:4 | Noticed a juggernaut
 56974 | Depths:4 | Killed a juggernaut
 57517 | Depths:4 | The Shining One protects you from harm!
 57522 | Depths:4 | Reached skill level 27 in Shields
 57528 | Depths:4 | Reached skill level 10 in Invocations
 57529 | Depths:4 | The Shining One protects you from harm!
 57791 | Depths:4 | Found a gate to the Realm of Zot.
 58042 | Zot:1    | Entered Level 1 of the Realm of Zot
 58107 | Zot:1    | Gained mutation: Armour fits poorly on your strangely
                  | shaped body. [hidden defects]
 58806 | Zot:1    | Was forgiven by Trog
 59189 | Zot:2    | HP: 5/231 [black draconian/+0 trident (14)]
 59398 | Zot:2    | Gained mutation: You occasionally lose the ability to drink
                  | potions when taking damage. [hidden defects]
 59398 | Zot:2    | Lost mutation: You have hidden genetic defects. [hidden
                  | defects expressed]
 60061 | Zot:3    | Reached XP level 26. HP: 239/239 MP: 29/29
 60192 | Zot:3    | Identified the +3 hand cannon of the Fray {chaos, ^Contam
                  | rC+ rCorr}
 60192 | Zot:3    | Identified the +5 dire flail "Paelepar" {chaos, Will+}
 60192 | Zot:3    | Identified the +0 robe "Bocrun" {Will+ Archmagi}
 60317 | Zot:3    | Identified the +8 battleaxe of Tedurod {chaos, Dex+4}
 60317 | Zot:3    | Identified the +0 chain mail of Divine Intervention {Will+
                  | Int+4 Dex-5 SInv}
 60318 | Zot:3    | Found a large runed translucent door.
 60318 | Zot:3    | Found a large runed translucent door.
 60419 | Zot:3    | HP: 2/239 [yellow draconian annihilator/acid spray[a purple
                  | draconian shifter] (148)]
 60424 | Zot:3    | Killed from afar by a yellow draconian annihilator

Illustrated notes

Levels and vault maps discovered:
D:1:      zaba_arrival_water, layout_rooms
D:2:      layout_loops_cross, shapermc_ecumenical_altar_hornbeckon,
          uniq_sigmund, uniq_crazy_yiuf_cottage
D:3:      layout_loops_cross, biasface_ghost_orc_armoury, minmay_misc_feat_five,
          hangedman_abyss_or_decor_stabs
D:4:      layout_cave_pools, temple_doors_e, uniq_pikel
D:5:      layout_rooms, ebering_ghost_sewer_d, uniq_menkaure
D:6:      layout_rooms, nicolae_overflow_two_pavilions, gammafunk_ghost_hive,
          portal_sewer_entry_b
D:7:      layout_basic, dk_yredelemnul_ordeal, uniq_joseph
D:8:      gammafunk_boulding_lane, layout_rooms, pf_just_have_faith,
          xom_shifter_show, serial_shops, shop
D:9:      layout_cave_pools, tso_metal_star, nicolae_shop_gadgets
D:10:     layout_basic, mainiacjoe_overflow_boulevard,
          gammafunk_temple_overflow_wave, erik_lair_dragon
D:11:     layout_roguey, nicolae_two_hexagons, minivault_23,
          kennysheep_windowed_goal, uniq_lodul, uniq_urug, uniq_grum,
          uniq_snorg, uniq_sonja
D:12:     layout_gridville, orc_0_dummy
D:13:     layout_layer_cave, lightli_vaults_fourway_checkpoint,
          portal_ice_cave_entry_pillars_1, nicolae_gozag_seed_capital
D:14:     layout_small_grid, gammafunk_ghost_spectres, hangedman_decor_points,
          minivault_12
D:15:     gammafunk_depths_entry_grave, layout_basic, minmay_misc_feat_x,
          gammafunk_ghost_abyssal_escape, serial_shops,
          nicolae_shop_advertising_works [nicolae_subvault_shop_adworks],
          hellmonk_guarded_unrand_sphere_of_battle
Lair:1:   hellmonk_destroyed_diamonds, layout_misc_corridors,
          lemuel_fruit_fields, serial_bayou_shore_a
Lair:2:   layout_chaotic_city, nicolae_swamp_entry_splash_gauntlet,
          minmay_snake_entry_six_corridors, gauntlet_entry_generic
Lair:3:   layout_regular_city, nzn_sisyphean_effort, lemuel_fruit_tree,
          infiniplex_staircase_pool_2, grunt_megastairs_4
Lair:4:   layout_gridlike
Lair:5:   due_jungle_book, layout_loops_ring, nicolae_slime_entry_field_trip,
          st_stairs_4
Swamp:1:  layout_basic_swamp, evilmike_swamp_ruin_house_5, swamp_pool_3,
          nicolae_swamp_necromancer_hut, infiniplex_staircase_pool, uniq_nikola
Swamp:2:  layout_falls_marsh, evilmike_swamp_ruin_rubble_2, swamp_pool_1_2
Swamp:3:  nicolae_swamp_phyte_club, layout_basic_swamp,
          evilmike_swamp_ruin_house_3, nicolae_swamp_decorative_isthmus
Swamp:4:  swamp_vile, layout_basic_swamp, swamp_pool_4, uniq_louise
Snake:1:  layout_onion_interference, uniq_aizul, uniq_roxanne, uniq_jorgrun
Snake:2:  layout_grid_maze, uniq_vashnia
Snake:3:  layout_onion_interference, serial_shops, nicolae_shop_tiny_waterfront,
          shop
Snake:4:  snake_pit, layout_cave_town, basic_altar, serial_shops, shop_fountains
Orc:1:    layout_caves, basic_altar, serial_shops, shop, uniq_nergalle
Orc:2:    st_orc_mages, layout_caves, serial_shops,
          nicolae_shop_tiny_real_fake_doors
Elf:1:    eino_elf_arrival_sip, layout_geoelf_grid, serial_shops,
          nicolae_shop_window_shopping, minmay_elf_crystal_heptagon,
          hangedman_elven_ridges
Elf:2:    elven_hall_of_blades_hangedman_original
          [nicolae_blade_entry_diamond_columns], layout_loops_corners,
          minmay_shop_grove
Elf:3:    minmay_elf_hall_dome, layout_geoelf_diagonals, mu_enter_wizlab_1,
          serial_shops, shop
Vaults:1: v_pattern_2, nicolae_vaults_thirteen_compartments,
          ontoclasm_vaults_tryst, nicolae_vaults_specimen_jars,
          nicolae_vaults_trapezoid_3, nicolae_vaults_diamond_2,
          hangedman_vaults_stagger, hangedman_vaults_snaps, vaults_dpeg_cross,
          v_rooms_5, v_misc_28, hangedman_vaults_impose, v_misc_25,
          nicolae_vaults_turnstiles, vaults_dpeg_diagonal,
          ontoclasm_vaults_loading_screen, vaults_dpeg_hooks,
          layout_vaults_omnibox, serial_shops, bzr_firewalk
Vaults:2: minmay_crypt_entry_simple_sparse, nicolae_vaults_network_s,
          nicolae_vaults_layer_cake_slice, v_misc_22,
          ontoclasm_vaults_loading_screen, v_rooms_4, v_misc_18,
          nicolae_vaults_border_crossing, ontoclasm_vaults_eye,
          layout_vaults_omnigrid, uniq_donald, uniq_frederick, uniq_norris
Vaults:3: nicolae_vaults_shipping_containers_7,
          nicolae_vaults_mini_display_case, nicolae_vaults_network_barrier,
          v_rooms_2, v_alt_pattern_1, nicolae_vaults_theta,
          grunt_vaults_hallway_short, nicolae_vaults_two_Ls,
          layout_vaults_big_room, uniq_asterion
Vaults:4: nicolae_vaults_apartment_2, grunt_vaults_hallway_long,
          nicolae_vaults_wine_cellar, nicolae_vaults_frosty_reception,
          hangedman_vaults_hat, ontoclasm_vaults_loading_screen,
          nicolae_vaults_double_plus_1, ontoclasm_vaults_bender,
          grunt_vaults_hallway_short, ontoclasm_vaults_loading_screen,
          vaults_room_pool, nicolae_vaults_tetromino_L_2,
          nicolae_vaults_ring_of_whatevers, nicolae_vaults_tetromino_L_2,
          hangedman_vaults_river_flow, nicolae_vaults_angled_halls,
          nicolae_vaults_house_2, layout_vaults_omnicross, serial_shops,
          nicolae_shop_tiny_glass, nicolae_book_shop_shelving
Vaults:5
Crypt:1:  minmay_shadows, layout_misc_corridors
Crypt:2:  layout_misc_corridors, grunt_megastairs_3
Crypt:3:  lightli_unholy_cathedral, layout_chaotic_city,
          tomb_entry_forgotten_bobbens, nicolae_crypt_reliquary_box,
          weyrava_ghost_lake, uniq_vv
Depths:1: layout_roguey, hellmouth_1, hangedman_abyss_or_decor_slice,
          nicolae_qazlal_style_of_elements, nicolae_triple_integral, uniq_sojobo
Depths:2: kennysheep_spiral_hall, layout_cave_pools, enter_ziggurat_b,
          abyss_entry_small_statue_room, hell_entry, rand_demon_pan_entry_9,
          roadster_trireme, uniq_josephina, uniq_saint_roka
Depths:3: kennysheep_oblong_rooms, layout_gridlike, serial_shops, shop,
          hell_entry, kennysheep_donut, abyss_entry,
          infiniplex_staircase_spiral_double
Depths:4: grunt_zot_entry_alcove, layout_gridlike, grunt_hell_entry_dis_old,
          ploomutoo_gammafunk_ghost_potion_laboratory, minmay_room_of_horrors,
          minmay_misc_feat_enclosed
Zot:1:    layout_basic
Zot:2:    nicolae_moth_party, layout_misc_corridors
Zot:3:    regret_index_qazlal_generations, layout_misc_corridors,
          hangedman_xom_zot_hilarity

Skill      XL: |  1  2  3  4  5  6  7  8  9 10 11 12 13 14 15 16 17 18 19 20 21 22 23 24 25 26 |
---------------+-------------------------------------------------------------------------------+-----
Fighting       | 4 5 7 9 11 13 14 16 17 19 21 22 23 24 26 27 | 27.0
Axes           | 4 5 7 9 11 13 14 16 17 19 21 22 23 25 26 27 | 27.0
Armour         | 3 4 5 6 8 9 10 11 12 13 15 16 17 18 19 20 22 24 26 27 | 27.0
Shields        | 3 5 7 9 11 12 13 15 16 17 19 21 23 25 27 | 27.0
Invocations    | 4 7 14 | 14.8
Dodging        | 4 |  4.4

Action                     |  1- 3 |  4- 6 |  7- 9 | 10-12 | 13-15 | 16-18 | 19-21 | 22-24 | 25-27 || total
---------------------------+-------+-------+-------+-------+-------+-------+-------+-------+-------++-------
  Melee: Hand axe          |    32 |       |       |       |       |       |       |       |       ||    32
         Headbutt          |     8 |    20 |    41 |   105 |   230 |   440 |   221 |   463 |   309 ||  1837
         Demon whip        |    27 |   136 |   295 |   491 |   864 |  1110 |       |       |       ||  2923
         Broad axe         |       |       |       |       |       |   489 |  1014 |  1425 |   824 ||  3752
  Throw: Dart              |       |       |     3 |    12 |     3 |     2 |     2 |       |       ||    22
         Javelin           |       |       |     1 |     2 |       |       |       |       |       ||     3
         Throwing net      |       |       |     1 |       |       |       |       |       |       ||     1
 Invoke: Berserk           |       |     2 |     1 |     4 |    12 |    13 |     7 |       |       ||    39
         Trog's Hand       |       |       |     1 |     5 |     7 |     9 |     6 |     2 |       ||    30
         Brothers in Arms  |       |       |       |     2 |     1 |     4 |     1 |       |       ||     8
         Cleansing Flame   |       |       |       |       |       |       |       |     2 |     6 ||     8
         Divine Shield     |       |       |       |       |       |       |       |     1 |     6 ||     7
         Brand Weapon With |       |       |       |       |       |       |       |     1 |       ||     1
         Summon Divine War |       |       |       |       |       |       |       |     1 |       ||     1
  Evoke: Wand              |       |       |     4 |    10 |       |     1 |     2 |     1 |     4 ||    22
         Phial of floods   |       |       |       |     1 |     1 |       |       |       |       ||     2
    Use: Scroll            |       |       |       |       |    20 |    25 |     7 |    18 |     7 ||    77
         Potion            |       |       |       |       |     5 |     4 |     4 |     2 |     5 ||    20
   Stab: Invisible         |       |       |       |       |     1 |       |       |       |       ||     1
         Distracted        |       |       |       |       |       |       |     1 |       |       ||     1
         Petrifying        |       |       |       |       |       |       |       |     1 |       ||     1
         Petrified         |       |       |       |       |       |       |       |     1 |       ||     1
 Armour: Plate armour      |    55 |    82 |    66 |       |       |       |       |       |       ||   203
         Animal skin       |     1 |       |       |       |       |       |       |       |       ||     1
         Ring mail         |       |       |   215 |   327 |   425 |   569 |       |       |       ||  1536
         Crystal plate arm |       |       |       |       |       |   250 |   778 |   927 |   532 ||  2487
         Skin              |       |       |       |       |       |       |    76 |       |       ||    76
  Dodge: Dodged            |    23 |    41 |   169 |   171 |   151 |   230 |   185 |   240 |   214 ||  1424
         Repelled          |       |     1 |     2 |     1 |     3 |    20 |    40 |    27 |    33 ||   127
  Block: Kite shield       |       |       |       |   169 |    60 |       |       |       |       ||   229
         Tower shield      |       |       |       |       |   466 |  1260 |  1094 |  1600 |  1074 ||  5494

Table legend: (Time is in decaauts)
 A = Elapsed time spent in this place.
 B = Non-inter-level travel time spent in this place.
 C = Inter-level travel time spent in this place.
 D = Time resting spent in this place.
 E = Time spent auto-exploring this place.
 F = Levels seen in this place.
 G = Mean time per level.
                   A        B        C        D        E       F      G
               +--------+--------+--------+--------+--------+-----+--------+
         Total |  60184 |  54486 |   5698 |   3473 |  37989 |  53 | 1135.5 |
       Dungeon |  16883 |  14362 |   2521 |    723 |  10709 |  15 | 1125.5 |
          Lair |   5406 |   4990 |    416 |    102 |   3953 |   5 | 1081.2 |
         Swamp |   4307 |   4142 |    165 |    658 |   2528 |   4 | 1076.8 |
     Snake Pit |   6183 |   5950 |    233 |    554 |   4421 |   4 | 1545.8 |
  Orcish Mines |   2474 |   2112 |    362 |    365 |   1212 |   2 | 1237.0 |
   Elven Halls |   4785 |   4248 |    537 |    296 |   2679 |   3 | 1595.0 |
        Vaults |   7178 |   6232 |    946 |     50 |   4430 |   5 | 1435.6 |
         Crypt |   2865 |   2678 |    187 |     85 |   1770 |   3 |  955.0 |
        Depths |   4556 |   4302 |    254 |     47 |   3172 |   4 | 1139.0 |
           Zot |   2228 |   2156 |     72 |    165 |   1360 |   3 |  742.7 |
        Bazaar |     82 |     82 |      0 |      0 |     25 |   1 |   82.0 |
         Sewer |    767 |    767 |      0 |      0 |    611 |   1 |  767.0 |
      Ice Cave |   1180 |   1180 |      0 |    371 |    547 |   1 | 1180.0 |
        Wizlab |    649 |    649 |      0 |     13 |    206 |   1 |  649.0 |
      Gauntlet |    636 |    636 |      0 |     39 |    362 |   1 |  636.0 |
               +--------+--------+--------+--------+--------+-----+--------+

Top non-repeatable levels by time:
    D:15: 2318 daAuts
Vaults:2: 2168 daAuts
    D:14: 1943 daAuts
 Snake:4: 1940 daAuts
 Swamp:3: 1862 daAuts
   Elf:2: 1852 daAuts
 Snake:2: 1707 daAuts
  Lair:5: 1587 daAuts
    D:10: 1571 daAuts
    D:12: 1553 daAuts
Depths:4: 1522 daAuts
    D:13: 1517 daAuts
   Elf:1: 1501 daAuts
    D:11: 1491 daAuts
   Orc:2: 1437 daAuts
